 Dungeon Crawl Stone Soup version 0.27-a0-1529-g1e82c303ef (webtiles) character file.

Game seed: 12998525343714277145

910 Wyvernaa the Poker (level 8, -1/31 (39) HPs)
             Began as a Vine Stalker Gladiator on July 12, 2021.
             Slain by a wight (10 damage)
             ... on level 6 of the Dungeon.
             The game lasted 00:10:46 (5024 turns).

Wyvernaa the Poker (Vine Stalker Gladiator)         Turns: 5024, Time: 00:10:47

HP:   -1/31 (39)    AC:  7    Str: 18    XL:     8   Next: 8%
MP:   0/12          EV: 13    Int:  8    God:
Gold: 547           SH:  0    Dex: 17    Spells: 12/12 levels left

rFire    . . .     SeeInvis .   a - +0 trident
rCold    . . .     Faith    .   (no shield)
rNeg     . . .     Spirit   +   b - +1 leather armour
rPois    .         Reflect  .   c - +2 helmet
rElec    .         Harm     .   (no cloak)
rCorr    .         Rampage  .   (no gloves)
Will     +....                  (no boots)
Stlth    +++.......             (no amulet)
HPRegen  1.10/turn              (no ring)
MPRegen  0.13/turn              (no ring)

@: about to teleport, heavily drained
A: fangs 3, regeneration 1, magic shield, antimagic bite, no potion heal 2
a: no special abilities


You were on level 6 of the Dungeon.
You visited 1 branch of the dungeon, and saw 6 of its levels.
You also visited: Sewer.

You collected 547 gold pieces.

Inventory:

Hand Weapons
 a - a +0 trident (weapon)
Missiles
 d - 3 throwing nets (quivered)
Armour
 b - a +1 leather armour (worn)
 c - a +2 helmet (worn)
Wands
 m - a wand of paralysis (5)
Scrolls
 g - 3 scrolls of teleportation
 i - a scroll of fear
Potions
 e - 3 potions of heal wounds {unknown}
 f - 2 potions of lignification {unknown}
 h - a potion of might {unknown}
 j - 2 potions of curing {unknown}
 l - a potion of invisibility {unknown}
 n - a potion of attraction {unknown}


   Skills:
 + Level 2.6 Fighting
 * Level 6.3 Polearms
 + Level 1.8 Throwing
 + Level 2.0 Armour
 + Level 3.2 Dodging
 * Level 4.1 Stealth
 * Level 2.5 Spellcasting


You had 12 spell levels left.
You didn't know any spells.
Your spell library was empty.

Dungeon Overview and Level Annotations

Branches:
Dungeon (6/15)              Sewer (visited)
 Temple: D:4-7

Altars:
Elyvilon
Makhleb

Shops:
D:1 (

Annotations:
D:2 1 runed translucent door, Crazy Yiuf


Innate Abilities, Weirdness & Mutations

You have razor-sharp teeth.
Your natural rate of healing is unusually fast.
When hurt, damage is shared between your health and your magic reserves.
Your bite disrupts and absorbs the magic of your enemies.
Potions cannot restore your health.


Message History

You hit the wight but do no damage. Your bite misses the wight.
The wight is heavily damaged.
The wight closely misses you.
You completely miss the wight. You bite the wight. You drain its power.
The wight is severely damaged.
The wight misses you.
You hit the wight.
The wight is almost destroyed.
The wight barely misses you. The wight hits you with a +4 flail.
You feel drained.
You hit the wight but do no damage. You bite the wight, but do no damage.
The wight is almost destroyed.
The wight hits you with a +4 flail.
You feel drained. The wight hits you with a +0 battleaxe.
You hit the wight but do no damage.
The wight is almost destroyed.
The wight hits you with a +0 battleaxe!
You feel drained. The wight misses you.
You hit the wight.
You destroy the wight!
The wight hits you with a +4 flail!
You feel drained.
You are too injured to fight recklessly!
You are too injured to fight recklessly!
You are too injured to fight recklessly!
Unknown command.
You hit the wight.
The wight is moderately damaged.
The wight hits you with a +4 flail!
* * * LOW HITPOINT WARNING * * *
You hit the wight but do no damage.
The wight is moderately damaged.
The wight hits you with a +4 flail.
* * * LOW HITPOINT WARNING * * *
You feel drained. The wight hits you with a +4 flail!
* * * LOW HITPOINT WARNING * * *
You feel drained.
* * * LOW HITPOINT WARNING * * *
As you read the scroll of teleportation, it crumbles to dust.
You feel strangely unstable. The wight hits you with a +4 flail!
You die...

.... ## .. #..# #..# ..#
#..# #... ...# #..####.# .
....##...##..## ..
####....#........##...
##....................
#...... #........## #
#......####..#..@...# .##
#.......##..###..z..#####...
#...........# ##......#.....
### #..........## ##.......#
... ...........## ##.....##
... ............######....##
##..
.......................##
#..#
..................)###..##
#).# #####..##...####.>##
##..####.#


You could see a wight.

Vanquished Creatures
  Purgy (Sewer)
  An ice beast (D:4)
  2 scorpions
  A water moccasin zombie (D:5)
  A water moccasin skeleton (D:5)
  A wight (D:6)
  A hound (D:5)
  Terence (D:3)
  An iguana (D:4)
  3 orc wizards
  A hound zombie (D:5)
  A hound skeleton (D:4)
  10 adders
  5 gnolls
  A white imp (D:5)
  An ufetubus (D:3)
  An adder skeleton (D:4)
  3 worms
  3 dart slugs
  12 orcs
  9 endoplasms
  9 giant cockroaches
  3 goblins
  12 hobgoblins
  3 jackals (D:2)
  6 kobolds
  5 quokkas
  8 ball pythons
  4 bats
  4 frilled lizards
  4 rats (D:1)
118 creatures vanquished.

Vanquished Creatures (others)
  A quokka (D:4)
  A fungus (D:2)
2 creatures vanquished.

Grand Total: 120 creatures vanquished

Notes
Turn   | Place    | Note
-------+----------+-------------------------------------------
     0 | D:1      | Wyvernaa the Vine Stalker Gladiator began the quest for the
                  | Orb.
     0 | D:1      | Reached XP level 1. HP: 11/11 MP: 2/2
    50 | D:1      | Reached skill level 3 in Polearms
    50 | D:1      | Reached XP level 2. HP: 7/15 MP: 3/3
   523 | D:1      | Found Muwni's Weapon Boutique.
  1059 | D:1      | Reached XP level 3. HP: 18/18 MP: 4/4
  1675 | D:2      | Gained mutation: Your natural rate of healing is unusually
                  | fast. [Vine Stalker growth]
  1675 | D:2      | Reached XP level 4. HP: 23/23 MP: 5/5
  1684 | D:2      | Reached skill level 1 in Stealth
  1898 | D:2      | Found a burning altar of Makhleb.
  2077 | D:2      | Found a runed translucent door.
  2078 | D:2      | Noticed Crazy Yiuf
  2212 | D:3      | Noticed a scorpion
  2219 | D:3      | Found a faded altar of an unknown god.
  2227 | D:3      | Found a glowing drain.
  2247 | D:3      | Reached skill level 4 in Polearms
  2260 | D:3      | Reached skill level 1 in Armour
  2286 | D:3      | Reached XP level 5. HP: 22/26 MP: 4/7
  2304 | Sewer    | Entered a sewer
  2353 | Sewer    | Noticed Purgy
  2358 | Sewer    | Killed Purgy
  2359 | Sewer    | Reached skill level 1 in Spellcasting
  2359 | Sewer    | Reached XP level 6. HP: 24/30 MP: 5/8
  2383 | Sewer    | Identified the +0 falchion of Dawn {drain, rElec Str-4
                  | Dex+4}
  2525 | D:3      | Noticed Terence
  2652 | D:3      | Killed Terence
  3482 | D:4      | Reached skill level 5 in Polearms
  3545 | D:4      | Noticed an ice beast
  3571 | D:4      | Killed an ice beast
  3572 | D:4      | Reached XP level 7. HP: 35/35 MP: 10/10
  3826 | D:4      | Found a white marble altar of Elyvilon.
  3969 | D:5      | Entered Level 5 of the Dungeon
  4796 | D:5      | Reached skill level 6 in Polearms
  4981 | D:6      | Gained mutation: You have razor-sharp teeth. [Vine Stalker
                  | growth]
  4981 | D:6      | Reached XP level 8. HP: 39/39 MP: 12/12
  5024 | D:6      | Slain by a wight

Illustrated notes

Levels and vault maps discovered:
D:1:      dpeg_arrival_rhombi, layout_loops_ring, serial_shops, shop,
          minivault_19, minmay_misc_feat_more_columns, minmay_ruptured
D:2:      layout_rooms, serial_corexii_hall, corexii_hall_statues_x,
          corexii_hall_statues_s, corexii_hall_statues_x,
          chequers_hall_statues_y, corexii_hall_statues_s,
          chequers_hall_statues_corner_a, basic_altar, uniq_crazy_yiuf_cottage
D:3:      layout_loops_ring, portal_sewer_entry_a,
          ebering_ecumenical_altar_hall, st_stairs_7, uniq_terence
D:4:      minmay_polygon_palace, layout_basic, elyvilon_altar_4,
          minmay_statues_item
D:5:      layout_basic, hangedman_abyss_or_decor_stabs, chequers_mini_garden,
          serial_bayou_pond_e
D:6:      layout_layer_cave, mainiacjoe_overflow_alcove_2,
          mainiacjoe_overflow_two_lobes, minmay_temple_entry_junction,
          minmay_misc_feat_cross

Skill      XL: |  1  2  3  4  5  6  7 |
---------------+----------------------+-----
Polearms       | 3 4 5 6 |  6.3
Fighting       | 2 |  2.6
Stealth        | 1 2 3 4 |  4.1
Armour         | 1 2 |  2.0
Spellcasting   | 1 2 |  2.5
Dodging        | 3 |  3.2
Throwing       | |  1.8

Action                   |  1- 3 |  4- 6 |  7- 9 || total
-------------------------+-------+-------+-------++-------
Melee: Trident           |    84 |   202 |   103 ||   389
       Bite              |    12 |    63 |    34 ||   109
  Use: Scroll            |     3 |     5 |     2 ||    10
 Stab: Sleeping          |     1 |     9 |     4 ||    14
       Distracted        |       |     1 |       ||     1
Armor: Leather armour    |    18 |    58 |    23 ||    99
Dodge: Dodged            |    50 |   138 |    45 ||   233

Table legend: (Time is in decaauts)
 A = Elapsed time spent in this place.
 B = Non-inter-level travel time spent in this place.
 C = Inter-level travel time spent in this place.
 D = Time resting spent in this place.
 E = Time spent auto-exploring this place.
 F = Levels seen in this place.
 G = Mean time per level.
                   A        B        C        D        E       F      G
               +--------+--------+--------+--------+--------+-----+--------+
         Total |   5058 |   4893 |    165 |    557 |   3318 |   7 |  722.6 |
       Dungeon |   4871 |   4706 |    165 |    557 |   3252 |   6 |  811.8 |
         Sewer |    186 |    186 |      0 |      0 |     66 |   1 |  186.0 |
               +--------+--------+--------+--------+--------+-----+--------+

Top non-repeatable levels by time:
     D:1: 1330 daAuts
     D:5: 986 daAuts
     D:3: 850 daAuts
     D:2: 847 daAuts
     D:4: 787 daAuts
   Sewer: 186 daAuts
     D:6: 68 daAuts
